 Dungeon Crawl Stone Soup version 0.30.1 (webtiles) character file.

Game seed: 14150388242029354848

48551 booth the Fighter (level 14, -6/92 HPs)
             Began as a Gargoyle Gladiator on July 11, 2023.
             Was a High Priest of Okawaru.
             Mangled by a death yak (8 damage)
             ... on level 5 of the Lair of Beasts on July 12, 2023.
             The game lasted 02:30:27 (22384 turns).

booth the Fighter (Gargoyle Gladiator)             Turns: 22384, Time: 02:30:28

Health: -6/92      AC: 39    Str: 20    XL:     14   Next: 46%
Magic:  12/14      EV: 14    Int: 10    God:    Okawaru [*****.]
Gold:   2003       SH:  5    Dex: 13    Spells: 13/13 levels left

rFire   + . .        y - +5 quarterstaff (flame)
rCold   . . .        (shield currently unavailable)
rNeg    + . .        S - +2 chain mail {rF+}
rPois   ∞            c - +2 helmet
rElec   +            z - +2 cloak
rCorr   +            (no gloves)
SInv    .            Q - +1 pair of boots
Will    +....        V - amulet of reflection Stlth
                     k - +4 ring of protection
HPRegen 0.35/turn    P - ring of resist corrosion
MPRegen 0.14/turn

%: reflection
@: heroic, flying, hasted, very quick
A: sickness immunity, AC +10, big wings, negative energy resistance 1,
electricity resistance, torment resistance 1, petrification resistance
a: Renounce Religion, Heroism, Finesse, Duel


You were on level 5 of the Lair of Beasts.
You worshipped Okawaru.
Okawaru was extremely pleased with you.
You visited 2 branches of the dungeon, and saw 18 of its levels.
You also visited: Bailey.

You collected 2122 gold pieces.
You spent 119 gold pieces at shops.

Inventory:

Hand Weapons
 e - the +8 bardiche of Woghedd {freeze, rElec rPois Will- Dex-3}
   (Okawaru gifted it to you on level 10 of the Dungeon)

   Dex:       It affects your dexterity (-3).
   rElec:     It insulates you from electricity.
   rPois:     It protects you from poison.
   Will:      It decreases your willpower.
 j - a +2 whip of venom
 y - a +5 quarterstaff of flaming (weapon)
 A - a +2 flail of holy wrath
 R - a +4 dire flail of holy wrath
Missiles
 a - 7 javelins
 b - 9 curare-tipped darts
 d - a throwing net
 g - 66 poisoned darts (quivered)
 i - 35 boomerangs
 r - 3 silver boomerangs
 u - 15 atropa-tipped darts
Armour
 c - a +2 helmet (worn)
 x - the +0 leather armour of Fedhas's Pride {rF+ rN+ Str+8 Slay-4}
   (You bought it in a shop on level 7 of the Dungeon)

   Str:       It affects your strength (+8).
   Slay:      It affects your accuracy & damage with ranged weapons and melee
   (-4).
   rF:        It protects you from fire.
   rN:        It protects you from negative energy.
 z - a +2 cloak (worn)
 B - a +1 leather armour of cold resistance
 Q - a +1 pair of boots (worn)
 S - a +2 chain mail of fire resistance (worn)
 U - the +2 scale mail "Abufoter" {rN+}
   (Okawaru gifted it to you on level 2 of the Lair of Beasts)

   rN:        It protects you from negative energy.
Jewellery
 k - a +4 ring of protection (left hand)
 J - a +4 ring of protection
 P - a ring of resist corrosion (right hand)
 V - an amulet of reflection (around neck)
Wands
 l - a wand of paralysis (15)
 w - a wand of flame (19)
 E - a wand of roots (22)
 K - a wand of mindburst (15)
 L - a wand of polymorph (13)
Scrolls
 n - 12 scrolls of immolation
 q - 3 scrolls of teleportation
 s - 3 scrolls of poison
 D - 2 scrolls of amnesia
 F - 3 scrolls of magic mapping
 H - 4 scrolls of fog
 I - a scroll of identify
Potions
 f - 7 potions of mutation
 h - 4 potions of curing
 m - 4 potions of attraction
 o - 3 potions of brilliance
 p - 5 potions of haste
 t - 2 potions of resistance
 v - 3 potions of flight
 C - a potion of cancellation
 N - a potion of might
Miscellaneous
 G - a condenser vane
 M - a piece from Xom's chessboard (15/15)


   Skills:
 + Level 12.7(17.7) Fighting
 + Level 11.9(17.4) Maces & Flails
 + Level 5.9(14.7) Staves
 + Level 10.7(15.7) Throwing
 + Level 9.5(14.5) Armour
 + Level 10.0(15.0) Dodging


You had 13 spell levels left.
You didn't know any spells.
Your spell library contained the following spells:

 Spells                   Type           Power      Damage    Failure   Level
 Beastly Appendage        Tmut           0%         N/A       86%         1
 Magic Dart               Conj           0%         1d3       86%         1
 Necrotise                Necr           0%         1d4       86%         1
 Ensorcelled Hibernation  Hex/Ice        0%         N/A       94%         2
 Passwall                 Tmut/Erth      0%         N/A       94%         2
 Searing Ray              Conj           0%         2d4       94%         2
 Wereblood                Tmut           0%         N/A       94%         2
 Mephitic Cloud           Conj/Pois/Air  0%         N/A       99%         3
 Portal Projectile        Hex/Tloc       0%         N/A       99%         3
 Spider Form              Tmut/Pois      0%         N/A       99%         3
 Swiftness                Air            0%         N/A       99%         3
 Vampiric Draining        Necr           0%         2d6       99%         3
 Vhi's Electric Charge    Tloc/Air       0%         N/A       99%         3
 Anguish                  Hex/Necr       0%         N/A       100%        4
 Fulminant Prism          Conj/Hex       0%         3d5       100%        4
 Petrify                  Tmut/Erth      0%         N/A       100%        4
 Agony                    Necr           0%         N/A       100%        5
 Arcjolt                  Conj/Air       0%         1d10      100%        5
 Blade Hands              Tmut           0%         N/A       100%        5
 Irradiate                Conj/Tmut      0%         3d11      100%        5
 Maxwell's Capacitive Co  Air            0%         ∞         100%        8
 Call Imp                 Summ           Unusable   N/A       N/A         2
 Sublimation of Blood     Necr           Unusable   N/A       N/A         2
 Tukima's Dance           Hex            Unusable   N/A       N/A         3

Dungeon Overview and Level Annotations

Branches:
Dungeon (13/15)            Temple (0/1) D:4            Lair (5/5) D:11
  Swamp (0/4) Lair:2       Spider (0/4) Lair:2          Orc (0/2) D:10
 Bailey (visited)
  Slime: Lair:4-5    Vaults: D:13-14

Altars:
Dithmenos
Fedhas
Gozag
Makhleb
Nemelex Xobeh
Okawaru
Qazlal

Shops:
D:1 *   D:7 [

Portals:
Trove: D:11 (give +6 demon whip)

Annotations:
D:10 3 runed translucent doors, jujuben's ghost, journeyman OpCA


Innate Abilities, Weirdness & Mutations

You are immune to sickness and miasma.
Your stone body is resilient. (AC +10)
You are immune to poison.
Your large and strong wings let you fly.
You resist negative energy. (rN+)
You are resistant to electric shocks. (rElec)
You are resistant to unholy torment.
You are immune to petrification.


Message History

The death yak gores you but does no damage.
The death yak misses you. You block the yak's attack.
You hit the death yak but do no damage.
The death yak is heavily wounded.
The death yak gores you but does no damage.
The death yak gores you.
You gain the combat prowess of a mighty hero.
You hit the death yak but do no damage.
The death yak is heavily wounded.
The death yak gores you but does no damage.
The death yak gores you.
You hit the death yak. You burn the death yak.
The death yak is heavily wounded.
You barely miss the death yak.
The death yak is heavily wounded.
You hit the death yak. You burn the death yak.
The death yak is heavily wounded.
The yak closely misses you. The death yak gores you!
* * * LOW HITPOINT WARNING * * *
The death yak misses you.
You barely miss the death yak.
The death yak is heavily wounded.
You sock the death yak! You burn the death yak.
The death yak is severely wounded.
The death yak gores you.
* * * LOW HITPOINT WARNING * * *
The death yak gores you!
* * * LOW HITPOINT WARNING * * *
The yak gores you but does no damage.
As you read the scroll of fear, it crumbles to dust.
You assume a fearsome visage.
The butterfly looks frightened!
The yak looks frightened! x5; The death yak looks frightened!
The death yak resists with some effort.
The death yak gores you but does no damage.
You completely miss the death yak.
The death yak is almost dead.
You hit the death yak. You burn the death yak.
The death yak is almost dead.
The death yak gores you!
You die...

...........##...
..#......$......
..#.......)...b #.Y.....P.....
##.YY.......... #.............#
##..Y........## #######
#@...Y........## .##
####.#.#.####Y.....).......
...##.#..#.....##..............
.....#.........................
.........†.#......Yb...........
........<..###.P...............
...........#...................
....###........P....P..........
#... #....#..#P.....)#####..#.#


You could see 2 death yaks and 5 yaks.

Vanquished Creatures
  Gastronok (Lair:3)
  2 hydras
  3 catoblepae
  4 two-headed ogres
  12 death yaks
  A swamp dragon (Lair:4)
  A lindwurm (Lair:4)
  Pikel (D:8)
  An orc knight (Bailey)
  A cyclops (D:12)
  3 ugly things (D:12)
  A manticore (D:12)
  Joseph (Lair:1)
  Maurice (D:9)
  9 cane toads
  2 torpor snails
  An unseen horror (D:10)
  A gargoyle (D:11)
  2 kobold demonologists (D:12)
  13 komodo dragons
  4 trolls
  A polar bear (Lair:4)
  13 blink frogs
  Prince Ribbit (D:5)
  Sigmund (D:5)
  2 wyverns
  Eustachio (D:4)
  61 yaks
  3 basilisks
  2 shadows (D:10)
  A steam dragon (D:8)
  6 vampire mosquitoes
  Edmund (D:5)
  A two-headed ogre zombie (D:10)
  3 acid dragons
  Duvessa (D:7)
  15 water moccasins
  2 swamp drakes (Lair:4)
  2 ice beasts
  A black bear (D:7)
  3 ogres
  9 orc warriors
  16 wolves
  6 centaurs (D:11)
  A phantom (D:5)
  11 kobold brigands
  11 bullfrogs
  4 scorpions
  4 wights (D:9)
  Dowan (D:7)
  A troll zombie (D:10)
  3 killer bees (D:11)
  An electric eel (Lair:3)
  A crimson imp (D:10)
  3 hounds
  3 jellies
  7 orc priests
  Crazy Yiuf (D:5)
  4 iguanas
  2 sleepcaps (D:7)
  11 orc wizards
  5 hell rats (Lair:4)
  6 ogre zombies (D:10)
  5 adders
  A shadow imp (D:7)
  A white imp (D:10)
  An ufetubus (D:6)
  2 worms (D:2)
  4 dart slugs
  32 orcs
  6 bats
  2 endoplasms
  3 giant cockroaches
  7 goblins
  9 hobgoblins
  6 jackals
  A quokka (D:2)
  7 ball pythons
  7 frilled lizards
  4 goblin zombies (D:10)
  3 hobgoblin skeletons (D:10)
  4 hobgoblin zombies (D:10)
  40 kobolds
  3 orc skeletons (D:10)
  11 orc zombies (D:10)
  9 rats
465 creatures vanquished.

Notes
Turn   | Place    | Note
-------+----------+-------------------------------------------
     0 | D:1      | booth the Gargoyle Gladiator began the quest for the Orb.
     0 | D:1      | Reached XP level 1. HP: 12/12 MP: 1/1
   118 | D:1      | Found Mitezxakh's General Store.
   251 | D:1      | Reached XP level 2. HP: 13/18 MP: 2/2
   575 | D:1      | Reached XP level 3. HP: 22/22 MP: 3/3
   721 | D:2      | Found a faded altar of an unknown god.
   725 | D:2      | Prayed at the altar of an unknown god.
   725 | D:2      | Became a worshipper of Warmaster Okawaru
   725 | D:2      | Reached * piety under Okawaru
  1113 | D:2      | You fall into a shaft and drop 1 floor!
  1358 | D:3      | Reached XP level 4. HP: 26/27 MP: 4/4
  1361 | D:3      | Reached skill level 3 in Fighting
  2133 | D:2      | Identified the +9 spear of Floods {freeze, *Slow Int+5
                  | Stlth+}
  2672 | D:3      | Found a burning altar of Makhleb.
  2673 | D:3      | Found a stormy altar of Qazlal.
  2974 | D:4      | Found a staircase to the Ecumenical Temple.
  3160 | D:4      | Noticed a scorpion
  3174 | D:4      | Killed a scorpion
  3175 | D:4      | Reached XP level 5. HP: 27/32 MP: 5/5
  3619 | D:4      | Noticed Eustachio
  3630 | D:4      | Killed Eustachio
  3630 | D:4      | Reached ** piety under Okawaru
  3631 | D:4      | Reached skill level 4 in Fighting
  3631 | D:4      | Reached XP level 6. HP: 31/38 MP: 6/6
  3680 | D:4      | Found a shadowy altar of Dithmenos.
  3726 | D:5      | Entered Level 5 of the Dungeon
  3729 | D:5      | Noticed a water moccasin
  3745 | D:5      | Killed a water moccasin
  3746 | D:5      | Reached XP level 7. HP: 38/44 MP: 7/7
  3948 | D:5      | Noticed Prince Ribbit
  3967 | D:5      | Killed Prince Ribbit
  3967 | D:5      | Reached *** piety under Okawaru
  3968 | D:5      | Reached skill level 5 in Maces & Flails
  4102 | D:5      | Reached skill level 5 in Fighting
  4166 | D:5      | Reached XP level 8. HP: 27/49 MP: 8/8
  4291 | D:5      | Noticed Sigmund
  4324 | D:5      | Killed Sigmund
  4478 | D:5      | Found a runed translucent door.
  4479 | D:5      | Noticed Crazy Yiuf
  4486 | D:5      | Killed Crazy Yiuf
  4630 | D:5      | Noticed Edmund
  4654 | D:5      | Killed Edmund
  5099 | D:6      | Reached skill level 6 in Fighting
  5107 | D:6      | Reached **** piety under Okawaru
  5136 | D:6      | Reached skill level 5 in Throwing
  5309 | D:6      | Reached skill level 5 in Dodging
  6013 | D:7      | Found Fazuefin's Antique Armour Shop.
  6031 | D:7      | Bought a buzzing leather armour for 119 gold pieces
  6031 | D:7      | Identified the +0 leather armour of Fedhas's Pride {rF+ rN+
                  | Str+8 Slay-4} (You bought it in a shop on level 7 of the
                  | Dungeon)
  6252 | D:7      | Reached XP level 9. HP: 33/56 MP: 9/9
  6443 | D:7      | Noticed Duvessa
  6443 | D:7      | Noticed Dowan
  6465 | D:7      | Killed Duvessa
  6472 | D:7      | Killed Dowan
  6819 | D:7      | Reached skill level 7 in Fighting
  7061 | D:8      | Found a flagged portal.
  7077 | D:8      | Noticed Pikel
  7109 | D:8      | Killed Pikel
  7215 | D:8      | Reached ***** piety under Okawaru
  7215 | D:8      | Received a gift from Okawaru
  7267 | D:8      | Found a blossoming altar of Fedhas.
  7423 | Bailey   | Entered a bailey
  7504 | Bailey   | Reached XP level 10. HP: 42/64 MP: 7/10
  7648 | Bailey   | Noticed an orc knight
  7665 | Bailey   | Reached skill level 8 in Fighting
  7680 | Bailey   | Killed an orc knight
  7680 | Bailey   | Received a gift from Okawaru
  7901 | Bailey   | Found a bloodstained altar of Trog.
  8843 | D:9      | Reached skill level 1 in Armour
  9302 | D:9      | Found an iron altar of Okawaru.
  9338 | D:9      | Reached skill level 9 in Fighting
  9874 | D:9      | Noticed Maurice
  9887 | D:9      | Reached XP level 11. HP: 51/71 MP: 11/11
  9891 | D:9      | Noticed a two-headed ogre
  9907 | D:9      | Killed a two-headed ogre
 10124 | D:9      | Killed Maurice
 10124 | D:9      | Received a gift from Okawaru
 10388 | D:10     | Entered Level 10 of the Dungeon
 10410 | D:10     | Noticed a two-headed ogre
 10444 | D:10     | Killed a two-headed ogre
 10444 | D:10     | Received a gift from Okawaru
 10758 | D:10     | Found a runed translucent gate.
 10758 | D:10     | Found a runed translucent gate.
 10760 | D:10     | Found a runed translucent gate.
 10760 | D:10     | Noticed jujuben's ghost (journeyman OpCA)
 10920 | D:10     | Identified the +8 bardiche of Woghedd {freeze, rElec rPois
                  | Will- Dex-3} (Okawaru gifted it to you on level 10 of the
                  | Dungeon)
 10920 | D:10     | Received a gift from Okawaru
 11249 | D:10     | Found a staircase to the Orcish Mines.
 11285 | D:10     | Reached skill level 5 in Armour
 11431 | D:10     | Reached skill level 10 in Fighting
 11437 | D:10     | Found a sparkling altar of Nemelex Xobeh.
 11437 | D:10     | Found an opulent altar of Gozag.
 12695 | D:10     | Received a gift from Okawaru
 13003 | D:11     | Found an opulent altar of Gozag.
 13017 | D:11     | Found a portal to a secret trove of treasure.
 13037 | D:11     | Reached XP level 12. HP: 78/78 MP: 12/12
 13269 | D:11     | Noticed a two-headed ogre
 13298 | D:11     | Killed a two-headed ogre
 13715 | D:11     | Noticed a two-headed ogre
 13729 | D:11     | Killed a two-headed ogre
 13730 | D:11     | Reached skill level 10 in Maces & Flails
 14464 | D:11     | Found a staircase to the Lair.
 14811 | D:12     | Received a gift from Okawaru
 14818 | D:12     | Reached skill level 11 in Fighting
 15262 | D:12     | Reached skill level 1 in Staves
 15370 | D:12     | Found Hih Weko's Armour Boutique.
 15859 | Lair:1   | Entered Level 1 of the Lair of Beasts
 15887 | Lair:1   | Noticed Joseph
 15920 | Lair:1   | Killed Joseph
 15923 | Lair:1   | Received a gift from Okawaru
 16206 | Lair:1   | Reached XP level 13. HP: 84/84 MP: 13/13
 17627 | Lair:2   | Identified the +2 scale mail "Abufoter" {rN+} (Okawaru
                  | gifted it to you on level 2 of the Lair of Beasts)
 17627 | Lair:2   | Received a gift from Okawaru
 17968 | Lair:2   | Found a hole to the Spider Nest.
 17985 | Lair:2   | Found a staircase to the Swamp.
 18588 | Lair:3   | Noticed Gastronok
 18668 | Lair:2   | Reached skill level 10 in Throwing
 18815 | Lair:3   | Killed Gastronok
 19096 | Lair:3   | You fall into a shaft and drop 1 floor!
 19183 | Lair:3   | Reached skill level 12 in Fighting
 19272 | Lair:3   | Received a gift from Okawaru
 20420 | Lair:4   | Reached skill level 5 in Staves
 20428 | Lair:4   | Gained mutation: Your large and strong wings let you fly.
                  | [Gargoyle growth]
 20428 | Lair:4   | Reached XP level 14. HP: 59/92 MP: 14/14
 20870 | Lair:4   | Received a gift from Okawaru
 21852 | Lair:5   | Entered Level 5 of the Lair of Beasts
 22011 | Lair:4   | Reached skill level 10 in Dodging
 22187 | Lair:4   | Received a gift from Okawaru
 22380 | Lair:5   | HP: 2/92 [death yak (14)]
 22384 | Lair:5   | Mangled by a death yak

Illustrated notes

Levels and vault maps discovered:
D:1:      tarquinn_simple_flora_water_b, layout_rooms, serial_shops, shop_statue
D:2:      layout_basic, nicolae_ecumenical_lake_church
D:3:      layout_basic, nicolae_overflow_squiral
D:4:      layout_gridville, mainiacjoe_overflow_surrounded_room,
          minmay_temple_entry_sparse_star, uniq_eustachio
D:5:      layout_loops_ring, sigmund_army, uniq_crazy_yiuf_cottage,
          uniq_prince_ribbit1, uniq_edmund
D:6:      layout_basic, minmay_misc_feat_cross
D:7:      layout_loops_ring, serial_shops, nicolae_shop_overgrown_old_shop,
          uniq_duvessa
D:8:      layout_basic, fedhas_altar_3, enter_bailey_3, uniq_pikel
D:9:      layout_loops_cross, okawaru_metal_pillars_1_2, uniq_maurice
D:10:     layout_loops_cross, grunt_temple_overflow_opulence, zombieorc2_lemuel,
          ebering_ghost_rock_garden, kennysheep_flooded_box,
          minmay_fire_ice_demons
D:11:     layout_cave_pools, erik_lair_dragon, nicolae_trove_entry_free_sample,
          grunt_ministairs_12, nicolae_gozag_cash_rules_everything_around_me
D:12:     layout_loops_cross, serial_shops, shop
D:13:     statuecave_lemuel, layout_loops_ring, erik_vaults_1
Lair:1:   layout_regular_city, grunt_megastairs_5, serial_bayou_shore_b,
          uniq_joseph
Lair:2:   layout_chaotic_city, minmay_swamp_entry_reptiles,
          spider_nest_entry_web_field
Lair:3:   layout_long_grid, serial_bayou_pond_b, st_stairs_5, lemuel_fruit_tree,
          uniq_gastronok
Lair:4:   layout_regular_city, pond
Lair:5:   hellmonk_lair_end_abyssal_woods, layout_misc_corridors, slime_entry_2,
          lemuel_fruit_fields

Skill      XL: |  1  2  3  4  5  6  7  8  9 10 11 12 13 14 |
---------------+-------------------------------------------+-----
Throwing       | 2 3 4 5 6 7 8 9 10 | 10.7
Fighting       | 3 4 5 6 7 9 10 11 12 | 12.7
Dodging        | 3 4 5 6 7 8 9 10 | 10.0
Maces & Flails | 4 5 6 7 8 9 10 11 | 11.9
Armour         | 3 5 7 8 9 |  9.5
Staves         | 2 5 |  5.9

Action                     |  1- 3 |  4- 6 |  7- 9 | 10-12 | 13-15 || total
---------------------------+-------+-------+-------+-------+-------++-------
  Melee: Flail             |    54 |       |       |   232 |       ||   286
         Whip              |    45 |   127 |   425 |   608 |       ||  1205
         Punch             |     2 |     2 |    10 |    13 |       ||    27
         Unarmed           |       |       |       |     7 |       ||     7
         Dire flail        |       |       |       |   120 |       ||   120
         Quarterstaff      |       |       |       |    92 |   775 ||   867
  Throw: Dart              |       |     4 |    33 |    87 |    38 ||   162
         Throwing net      |       |     2 |       |     1 |       ||     3
         Javelin           |       |       |     3 |    23 |     4 ||    30
         Boomerang         |       |       |     1 |     1 |     1 ||     3
 Invoke: Heroism           |       |       |     3 |    11 |    14 ||    28
  Evoke: Wand              |       |       |       |     3 |       ||     3
    Use: Scroll            |     4 |     8 |     7 |     6 |     7 ||    32
         Potion            |     1 |     2 |     5 |     3 |     4 ||    15
   Stab: Held in net/web   |       |       |       |     1 |       ||     1
         Invisible         |       |       |       |       |     2 ||     2
 Armour: Leather armour    |    28 |    33 |   140 |   279 |       ||   480
         Chain mail        |       |       |       |   123 |   512 ||   635
         Skin              |       |       |       |    27 |       ||    27
  Dodge: Dodged            |    47 |    72 |   245 |   499 |   433 ||  1296
  Block: Other             |       |       |       |       |    63 ||    63
